 Seeded DCSS version 0.28-a0-239-g68911e0 (webtiles) character file.

Game seed: 9125747119528340153 (custom seed)

3482 edsrzf the Covert (level 9, -3/41 HPs)
             Began as a Felid Ice Elementalist on Aug 22, 2021.
             Was a Priest of Wu Jian.
             Slain by a dire elephant (35 damage)
             ... in a Gauntlet.
             The game lasted 00:47:16 (14914 turns).

edsrzf the Covert (Felid Ice Elementalist)         Turns: 14914, Time: 00:47:17

Health: -3/41      AC:  2    Str:  7    XL:     9   Next: 79%
Magic:  13/16      EV: 17    Int: 19    God:    Wu Jian [***...]
Gold:   138        SH:  0    Dex: 16    Spells: 0/16 levels left
                                        Lives:  0   Deaths: 2

rFire   . . .      SeeInvis +     - Unarmed
rCold   + . .      Faith    .   (shield unavailable)
rNeg    . . .      Spirit   .   (armour unavailable)
rPois   .          Reflect  .   (helmet unavailable)
rElec   .          Harm     .   (cloak unavailable)
rCorr   .          Rampage  .   (gloves unavailable)
Will    +....      NoTele   +   (boots unavailable)
Stlth   ++++......              (no amulet)
HPRegen 0.13/turn               f - ring "Xivvecki" {rC+ Str+2}
MPRegen 0.15/turn               (no ring)

@: hasted, very quick
A: very small, claws 1, fangs 3, see invisible, speed 1, shaggy fur 2, stealthy
paws, no weapons or thrown items, no armour, multi-lived, mutation resistance 1
a: Renounce Religion, Wall Jump, Serpent's Lash


You were in a Gauntlet.
You worshipped Wu Jian.
Wu Jian was most pleased with you.
You visited 2 branches of the dungeon, and saw 12 of its levels.
You also visited: Sewer and Gauntlet.

You collected 378 gold pieces.
You spent 240 gold pieces at shops.

Inventory:

Jewellery
 f - the ring "Xivvecki" (left paw) {rC+ Str+2}
   (You found it on level 8 of the Dungeon)

   [ring of protection from cold]

   Str:       It affects your strength (+2).
   rC:        It protects you from cold.
 p - the ring "Vurya" {rPois rF+ AC+4 Int-2 Dex+4}
   (You found it in a Gauntlet)

   [ring of protection]

   AC:        It affects your AC (+4).
   Int:       It affects your intelligence (-2).
   Dex:       It affects your dexterity (+4).
   rF:        It protects you from fire.
   rPois:     It protects you from poison.
Wands
 j - a wand of polymorph (7)
 l - a wand of flame (11)
 r - a wand of iceblast (13)
Scrolls
 b - a scroll of amnesia
 d - a scroll of enchant armour {unknown}
 e - a scroll of blinking {unknown}
 g - 2 scrolls of vulnerability {unknown}
 i - 3 scrolls of fog
 k - a scroll of summoning {unknown}
 m - 2 scrolls of teleportation {@r3}
 n - a scroll of enchant weapon
 s - a scroll of torment {unknown}
 t - a scroll of magic mapping
Potions
 a - 2 potions of might
 c - 3 potions of flight
 h - 3 potions of brilliance
 o - 3 potions of haste
 q - 5 potions of mutation {!q}


   Skills:
 - Level 6.1 Fighting
 - Level 2.6 Dodging
 - Level 10.0 Stealth
 + Level 6.9 Unarmed Combat
 - Level 4.1 Spellcasting
 - Level 5.2 Conjurations
 - Level 8.1 Hexes
 - Level 6.7 Ice Magic


You couldn't memorise any spells.
You knew the following spells:

 Your Spells              Type           Power      Damage    Failure   Level
a - Hailstorm             Conj/Ice       26%        3d7       12%         4
d - Tukima's Dance        Hex            34%        N/A       1%          3
f - Frozen Ramparts       Ice            58%        1d7       2%          3
h - Ensorcelled Hibernat  Hex/Ice        64%        N/A       1%          2
o - Ozocubu's Armour      Ice            29%        N/A       2%          3
X - Freeze                Ice            100%       1d11      1%          1

Your spell library contained the following spells:

 Spells                   Type           Power      Damage    Failure   Level
 Corona                   Hex            37%        N/A       1%          1
 Stone Arrow              Conj/Erth      26%        3d8       14%         3
 Metabolic Englaciation   Hex/Ice        16%        N/A       19%         5
 Blink                    Tloc           N/A        N/A       21%         2
 Gell's Gravitas          Tloc           1%         N/A       38%         3
 Teleport Other           Tloc           3%         N/A       38%         3
 Petrify                  Tmut/Erth      3%         N/A       80%         4
 Manifold Assault         Tloc           3%         N/A       98%         5
 Dispersal                Tloc           1%         N/A       100%        6
 Statue Form              Tmut/Erth      2%         N/A       100%        6
 Storm Form               Tmut/Air       1%         N/A       100%        7
 Lehudib's Crystal Spear  Conj/Erth      6%         10d3      100%        8
 Animate Armour           Summ/Erth      Unusable   N/A       N/A         4

Dungeon Overview and Level Annotations

Branches:
Dungeon (11/15)            Temple (1/1) D:4           Sewer (visited)
Gauntlet (1/1)
   Lair: D:8-11         Orc: D:9-12

Altars:
Ashenzari
Cheibriados
Dithmenos
Elyvilon
Fedhas
Gozag
Hepliaklqana
Kikubaaqudgha
Makhleb
Nemelex Xobeh
Okawaru
Qazlal
Ru
Sif Muna
Trog
Uskayaw
Vehumet
Wu Jian
Xom
Yredelemnul
Zin
The Shining One

Shops:
D:5 =*

Annotations:
D:9 exclusions: 3 wights and wyvern Gauntlet 9 transporters


Innate Abilities, Weirdness & Mutations

You have sharp claws.
You have razor-sharp teeth.
You have supernaturally acute eyesight. (SInv)
You cover ground quickly. (Speed+)
You are covered in thick fur. (AC +2)
Your paws help you pounce on unaware monsters.
You are incapable of wielding weapons or throwing items.
You cannot wear armour.
You gain extra lives every three experience levels.
You are somewhat resistant to further mutation.


Message History

Found a runed translucent door.
Found a robe and 34 gold pieces.
The dire elephant trumpets!
Found a transporter.
The white imp shouts, "Bolt, thou bawdy two-tin-hat erk!"
The shadow imp shouts!
You hear a shout!
Found a pair of shimmering boots.
The white imp shouts, "Go and return not, thou foppish rude-growing puttock!"
The white imp sputters.
Found a glass ring.
Found a transporter.
Found 19 stones.
Found a transporter.
Found a scale mail.
Found two items.
Found 38 gold pieces.
The death yak bellows!
The death yak bellows!
Found a transporter.
There is a transporter here.
The quicksilver ooze quivers.
There is a transporter here.
The jumping spider hisses angrily.
There is a transporter here.
Found a shiny moonstone ring and a bubbling black potion.
The entropy weaver shouts!
The wolf spider hisses angrily.
Found a transporter.
The shadow imp shouts, "Slither away, thou rough-hewn common-kissing wormtrail!"
The wizard shouts!
The shadow imp shouts, "Go and return not, thou fulsome roguish harpy!"
The shadow imp lashes its tail.
The white imp grins evilly.
The shadow imp shouts, "Back with thee, thou puking weevil-witted bum-bailey!"
The shadow imp shouts, "Scamper away, thou errant crook-pated dewberry!"
There is a transporter here.
There is a transporter here.
Found a transporter.
The necromancer shouts!
The death yak bellows!
There is a transporter here.
You start resting.
The quicksilver ooze jiggles.
HP restored.
Press: ? - help, v - describe, . - travel
Here: a quicksilver ooze (fire blocked by a translucent stone wall)
The floor.
Search for what [? for help]? .
Casting: Tukima's Dance (safe; 1% risk of failure)
Confirm with . or Enter, or press ? or * to list all spells.
Okay, then.
Unknown command.
Okay, then.
Okay, then.
Press: ? - help, v - describe, . - travel The floor.
There is a transporter here.
You feel yourself speed up.
You enter the transporter and appear at another place.
Really walk into that dispersal trap?
You enter a dispersal trap!
The quicksilver ooze blinks!
You blink.
The quicksilver ooze fails to trigger a net trap.
You see here a scroll labelled IDUBAO DAFI.
d - a scroll labelled IDUBAO DAFI The quicksilver ooze hits you.
The quicksilver ooze engulfs you! The quicksilver ooze barely misses you.
You slip free of the ooze engulfing you.
You spin and attack the quicksilver ooze.
The shadow imp shouts, "Get thee hence, thou canting beef-witted death-token!"
You claw the quicksilver ooze!
The quicksilver ooze is lightly wounded.
Your lungs strain for air!
The quicksilver ooze jiggles.
The quicksilver ooze closely misses you.
The quicksilver ooze hits you.
You feel your power leaking away.
You slip free of the ooze engulfing you.
You gasp with relief as air once again reaches your lungs.
You see here a scroll of magic mapping.
There is a transporter here.
You see here the ring "Vurya" {rPois rF+ AC+4 Int-2 Dex+4}.
p - the ring "Vurya" {rPois rF+ AC+4 Int-2 Dex+4} The necromancer shouts!
You hear a bellow!
The white imp shouts, "Scamper away, thou puking pigeon-egg strumpet!"
You hear a shout!
You see here a scroll of magic mapping.
t - a scroll of magic mapping
There is a transporter here.
You enter the transporter and appear at another place.
There is a transporter here.
You enter the transporter and appear at another place.
You open the door. You open the door.
There is an open translucent door here.
The elephant trumpets!
You scratch the dire elephant but do no damage.
Press: ? - help, v - describe, . - travel
Here: a dire elephant A transporter landing site.
You scratch the dire elephant but do no damage.
The dire elephant tramples you!!
Ouch! That really hurt!
You die...

....8.....8...............## ##
.................8.....8.## #.#
##########...............≈##..#
......#..#...#########...##...#
..^..#...#...###...###...#....#
#...^#...#######..[###...#.8©.#
^##.#....#...#..##Y$##...#....##
...###^.©#©.©#..#Y#[©#.8.#.8©...
...©#.##J#...#..@##.##...#....##
.^.#^...########...###...#.8©.#
...#..^..#...###...###...#....#
..#......#...#########..§##...#
##########...............≈##..#
.................8.....8.## #.#
....8.....8...............# ##
............###########...≈#
#########...#55...5555#...##


You could see a dire elephant and an elephant.

Vanquished Creatures
  A two-headed ogre (D:9)
  Pikel (D:5)
  A troll (D:11)
  2 yaks (D:11)
  A wyvern (D:8)
  4 steam dragons
  An orc warrior (D:8)
  An ice beast (D:6)
  3 black bears
  A necrophage (D:5)
  An ogre (D:7)
  3 centaurs
  A lemure (D:5)
  A phantom (D:5)
  6 kobold brigands
  A gnoll sergeant (D:9)
  5 bullfrogs
  A wyvern zombie (D:8)
  A water moccasin zombie (D:6)
  A water moccasin skeleton (D:5)
  A wyvern skeleton (D:7)
  6 killer bees
  2 centaur zombies
  2 howler monkeys
  A bullfrog zombie (D:5)
  2 jellies
  An orc priest (D:6)
  5 hounds
  2 gnoll shamans
  7 iguanas
  A scorpion zombie (D:5)
  6 orc wizards
  A killer bee zombie (D:8)
  A howler monkey zombie (D:8)
  18 gnolls
  8 adders
  A shadow imp (D:8)
  A white imp (D:8)
  An adder skeleton (D:5)
  3 worms
  2 dart slugs
  12 orcs
  7 ball pythons
  6 endoplasms
  3 giant cockroaches
  2 hobgoblins
  19 kobolds
  5 quokkas
  7 bats
  8 frilled lizards
  8 goblins
  10 rats
196 creatures vanquished.

Vanquished Creatures (collateral kills)
  A wight (D:9)
1 creature vanquished.

Vanquished Creatures (others)
  2 dancing weapons
  A plant (Sewer)
3 creatures vanquished.

Grand Total: 200 creatures vanquished

Notes
Turn   | Place    | Note
-------+----------+-------------------------------------------
     0 | D:1      | edsrzf the Felid Ice Elementalist began the quest for the
                  | Orb.
     0 | D:1      | Reached XP level 1. HP: 7/7 MP: 4/4
   169 | D:1      | Reached skill level 3 in Stealth
   276 | D:1      | Reached XP level 2. HP: 11/11 MP: 4/6
   811 | D:1      | Found a faded altar of an unknown god.
   814 | D:1      | Reached skill level 4 in Ice Magic
  1286 | D:2      | Reached skill level 4 in Stealth
  1417 | D:2      | Reached XP level 3. HP: 9/14 MP: 4/7
  2883 | D:3      | Noticed a black bear
  3241 | D:3      | Found a stormy altar of Qazlal.
  3632 | D:3      | Reached XP level 4. HP: 18/18 MP: 8/8
  3665 | D:3      | Learned a level 3 spell: Frozen Ramparts
  3669 | D:3      | Learned a level 3 spell: Ozocubu's Armour
  4057 | D:4      | Found a staircase to the Ecumenical Temple.
  4066 | Temple   | Entered the Ecumenical Temple
  4147 | Temple   | Became a worshipper of the Wu Jian Council
  4164 | D:4      | Reached skill level 5 in Stealth
  4447 | D:4      | Reached XP level 5. HP: 14/21 MP: 5/9
  4494 | D:4      | Reached skill level 6 in Stealth
  4494 | D:4      | Reached skill level 5 in Ice Magic
  4574 | D:4      | Identified 2 potions of heal wounds
  4623 | D:4      | Gained mutation: You are covered in thick fur. (AC +2)
                  | [Felid growth]
  4623 | D:4      | Reached XP level 6. HP: 20/24 MP: 0/10
  4649 | D:4      | Found a glowing drain.
  4658 | Sewer    | Entered a sewer
  4738 | Sewer    | Reached skill level 7 in Stealth
  4871 | Sewer    | Reached * piety under Wu Jian
  4942 | Sewer    | Reached skill level 8 in Stealth
  4942 | Sewer    | Reached skill level 3 in Spellcasting
  4942 | Sewer    | Reached XP level 7. HP: 24/27 MP: 0/12
  5147 | Sewer    | Identified 3 scrolls of fog
  5640 | D:4      | Found a hazy altar of Hepliaklqana.
  5942 | D:3      | Found a glowing golden altar of the Shining One.
  6000 | D:3      | Reached skill level 9 in Stealth
  6000 | D:3      | Reached skill level 4 in Spellcasting
  6042 | D:4      | Learned a level 4 spell: Hailstorm
  6061 | D:5      | Entered Level 5 of the Dungeon
  6097 | D:5      | Noticed Pikel
  6117 | D:5      | Reached skill level 1 in Conjurations
  6420 | D:5      | Reached XP level 8. HP: 31/31 MP: 13/15
  6614 | D:5      | Reached skill level 2 in Conjurations
  6629 | D:5      | Reached skill level 10 in Stealth
  6996 | D:5      | Reached ** piety under Wu Jian
  6997 | D:5      | Reached skill level 1 in Unarmed Combat
  7225 | D:5      | Killed Pikel
  7226 | D:5      | Reached skill level 3 in Unarmed Combat
  7226 | D:5      | Reached skill level 4 in Conjurations
  7314 | D:5      | Found Heleum's General Store.
  7322 | D:5      | Bought a scroll of identify for 24 gold pieces
  7322 | D:5      | Identified 3 potions of flight
  7323 | D:5      | Identified 3 potions of curing
  7324 | D:5      | Identified 2 potions of brilliance
  7528 | D:5      | Found Lusmueheps's Jewellery Emporium.
  7662 | D:5      | Reached skill level 4 in Unarmed Combat
  8085 | D:6      | Reached XP level 9. HP: 25/34 MP: 14/16
  8229 | D:5      | Identified a potion of berserk rage
  8915 | D:6      | Found a shimmering blue altar of Sif Muna.
  8915 | D:6      | Found a snail-covered altar of Cheibriados.
  8920 | D:6      | Found a faded altar of an unknown god.
  8922 | D:6      | Found an ancient bone altar of Kikubaaqudgha.
  8923 | D:6      | Found a glowing silver altar of Zin.
  8948 | D:6      | Reached skill level 5 in Conjurations
  9051 | D:6      | Reached skill level 5 in Unarmed Combat
  9060 | D:6      | Identified 4 potions of haste
  9061 | D:6      | Identified a potion of invisibility
  9133 | D:5      | Bought a book of Maledictions for 216 gold pieces
  9136 | D:5      | Learned a level 2 spell: Ensorcelled Hibernation
  9140 | D:5      | Learned a level 3 spell: Tukima's Dance
  9192 | D:7      | Reached skill level 1 in Hexes
  9309 | D:7      | Reached skill level 2 in Hexes
  9484 | D:7      | Reached skill level 3 in Hexes
  9684 | D:7      | Found an opulent altar of Gozag.
  9891 | D:7      | Reached skill level 4 in Hexes
  9906 | D:7      | Identified 3 scrolls of noise
  9911 | D:7      | Identified 2 scrolls of amnesia
  9912 | D:7      | Identified 2 scrolls of teleportation
 10136 | D:7      | Reached skill level 5 in Hexes
 10169 | D:7      | Reached skill level 6 in Hexes
 10792 | D:8      | Reached skill level 7 in Hexes
 11066 | D:8      | Identified 4 potions of mutation
 11066 | D:8      | Gained mutation: You are somewhat resistant to further
                  | mutation. [potion of mutation]
 11314 | D:8      | Reached skill level 8 in Hexes
 11475 | D:8      | Reached skill level 6 in Ice Magic
 11795 | D:8      | Identified the ring "Xivvecki" {rC+ Str+2}
 11805 | D:8      | Slain by a centaur
 11806 | D:8      | Reached XP level 8. HP: -2/31 MP: 14/15
 11978 | D:8      | HP: 1/46 [centaur/arrow (5)]
 11978 | D:8      | Slain by a howler monkey
 11979 | D:8      | Reached XP level 7. HP: -1/40 MP: 14/14
 11991 | D:9      | Noticed a two-headed ogre
 12044 | D:8      | Killed a steam dragon
 12045 | D:8      | Reached skill level 1 in Fighting
 12045 | D:8      | Reached XP level 8. HP: 33/33 MP: 10/15
 12056 | D:8      | Reached skill level 2 in Fighting
 12547 | D:8      | Reached skill level 3 in Fighting
 13083 | D:9      | Reached *** piety under Wu Jian
 13189 | D:9      | Identified a potion of might
 13248 | D:9      | Found a radiant altar of Vehumet.
 13433 | D:9      | Reached skill level 4 in Fighting
 13785 | D:9      | Killed a two-headed ogre
 13786 | D:9      | Reached skill level 5 in Fighting
 13786 | D:9      | Reached XP level 9. HP: 41/41 MP: 6/16
 14218 | D:10     | Entered Level 10 of the Dungeon
 14264 | D:9      | Reached skill level 6 in Fighting
 14404 | D:11     | Identified 2 scrolls of enchant weapon
 14405 | D:11     | Identified a scroll of magic mapping
 14465 | D:11     | Noticed a troll
 14475 | D:11     | Killed a troll
 14511 | D:11     | Noticed a freezing wraith
 14517 | D:11     | Reached skill level 6 in Unarmed Combat
 14574 | D:11     | Found a gate leading to a gauntlet.
 14584 | Gauntlet | Entered a Gauntlet
 14584 | Gauntlet | Noticed an entropy weaver
 14584 | Gauntlet | Found a transporter.
 14585 | Gauntlet | Noticed a wolf spider
 14586 | Gauntlet | Noticed a jumping spider
 14587 | Gauntlet | Found a transporter.
 14588 | Gauntlet | Found a transporter.
 14591 | Gauntlet | Found a transporter.
 14592 | Gauntlet | Found a transporter.
 14593 | Gauntlet | Found a transporter.
 14596 | Gauntlet | Noticed an elephant
 14597 | Gauntlet | Found a runed translucent door.
 14597 | Gauntlet | Noticed a dire elephant
 14599 | Gauntlet | Found a runed translucent door.
 14601 | Gauntlet | Found a transporter.
 14622 | Gauntlet | Found a transporter.
 14624 | Gauntlet | Found a transporter.
 14626 | Gauntlet | Noticed a quicksilver ooze
 14650 | Gauntlet | Noticed a necromancer
 14650 | Gauntlet | Found the necklace of Bloodlust {*Rage +Rage Will++ Int-3
                  | Slay+6}
 14652 | Gauntlet | Noticed a death yak
 14652 | Gauntlet | Noticed a death yak
 14653 | Gauntlet | Noticed a death yak
 14656 | Gauntlet | Found a transporter.
 14669 | Gauntlet | Noticed a quicksilver ooze
 14710 | Gauntlet | Noticed a wizard
 14712 | Gauntlet | Found a transporter.
 14728 | Gauntlet | Noticed a wizard
 14767 | Gauntlet | Found a transporter.
 14886 | Gauntlet | Identified the ring "Vurya" {rPois rF+ AC+4 Int-2 Dex+4}
 14914 | Gauntlet | Slain by a dire elephant

Illustrated notes

Levels and vault maps discovered:
D:1:      amcnicky_arrival_gap_in_the_tavern_cellar, layout_basic,
          shapermc_ecumenical_altar_starsandcircs, kennysheep_pointless_box,
          hex_intersection
D:2:      layout_basic
D:3:      minmay_recursive_quarters, layout_basic,
          nicolae_overflow_hidden_temple, nicolae_qazlal_eye_of_the_storm,
          serial_forest, infiniplex_forest_corner_1, infiniplex_forest_zigzag_2,
          infiniplex_forest_zigzag_1, infiniplex_forest_straight_3,
          infiniplex_forest_lined_room_3, infiniplex_forest_lined_room_3,
          infiniplex_forest_lined_corner, infiniplex_forest_straight_2,
          infiniplex_forest_lined_2, infiniplex_forest_fountain
D:4:      layout_loops_ring, nzn_hepliaklqana_mist_gate,
          minmay_temple_entry_wispy, portal_sewer_entry_b
D:5:      layout_basic, serial_shops, nicolae_shop_stone,
          minmay_shop_enchanted_jewellery, kennysheep_nub, uniq_pikel
D:6:      layout_cave_pools, chequers_temple_overflow_minitemple
D:7:      layout_gridville, marbit_many_paths
D:8:      layout_cave_pods, minmay_manual_mess
D:9:      layout_grid_maze, vehumet_crystals
D:10:     layout_cross, due_lair_maze_entry_diamond, david_orc_3, enter_bailey_3
D:11:     layout_basic, gauntlet_entry_generic
Temple:   dshaligram_water_room_temple
Gauntlet: minmay_gauntlet_mixed_oops_all_seconds [minmay_gauntlet_arena_77_mess,
          nicolae_gauntlet_swirl, minmay_gauntlet_arena_77_radiant_squares,
          gammafunk_gauntlet_arena_spirals, minmay_gauntlet_arena_77_cramped,
          nicolae_gauntlet_arena_x, gauntlet_exit_spiral]

Skill      XL: |  1  2  3  4  5  6  7  8  9 |
---------------+----------------------------+-----
Stealth        | 3 4 5 6 8 9 10 | 10.0
Ice Magic      | 4 5 6 |  6.7
Spellcasting   | 3 4 |  4.1
Conjurations   | 1 4 5 |  5.2
Unarmed Combat | 4 6 |  6.9
Hexes          | 8 |  8.1
Fighting       | 1 5 6 |  6.1
Dodging        | |  2.6

Action                   |  1- 3 |  4- 6 |  7- 9 || total
-------------------------+-------+-------+-------++-------
Melee: Unarmed           |     9 |    19 |   264 ||   292
       Bite              |       |     4 |    21 ||    25
       Punch             |       |       |     4 ||     4
 Cast: Freeze            |    65 |    43 |    45 ||   153
       Frozen Ramparts   |       |     8 |    14 ||    22
       Ozocubu's Armour  |       |       |    18 ||    18
       Ensorcelled Hiber |       |       |    49 ||    49
       Tukima's Dance    |       |       |     9 ||     9
Invok: Lunge             |       |     5 |    39 ||    44
       Whirlwind         |       |       |     8 ||     8
Evoke: Wand              |       |     3 |     6 ||     9
  Use: Potion            |       |     3 |    11 ||    14
       Scroll            |       |       |    13 ||    13
 Stab: Sleeping          |     6 |     4 |    53 ||    63
       Invisible         |       |       |     3 ||     3
Armor: Skin              |     4 |     5 |    49 ||    58
Dodge: Dodged            |    15 |    34 |   289 ||   338

Table legend: (Time is in decaauts)
 A = Elapsed time spent in this place.
 B = Non-inter-level travel time spent in this place.
 C = Inter-level travel time spent in this place.
 D = Time resting spent in this place.
 E = Time spent auto-exploring this place.
 F = Levels seen in this place.
 G = Mean time per level.
                   A        B        C        D        E       F      G
               +--------+--------+--------+--------+--------+-----+--------+
         Total |  13404 |  12929 |    475 |   5615 |   4258 |  14 |  957.4 |
       Dungeon |  12586 |  12139 |    447 |   5344 |   4164 |  11 | 1144.2 |
        Temple |     73 |     46 |     27 |      0 |      0 |   1 |   73.0 |
         Sewer |    472 |    472 |      0 |    185 |     94 |   1 |  472.0 |
      Gauntlet |    272 |    272 |      0 |     86 |      0 |   1 |  272.0 |
               +--------+--------+--------+--------+--------+-----+--------+

Top non-repeatable levels by time:
     D:5: 2191 daAuts
     D:7: 1791 daAuts
     D:2: 1604 daAuts
     D:9: 1550 daAuts
     D:8: 1338 daAuts
     D:4: 1325 daAuts
     D:3: 1194 daAuts
     D:1: 872 daAuts
     D:6: 551 daAuts
   Sewer: 472 daAuts
Gauntlet: 272 daAuts
    D:11: 154 daAuts
  Temple: 73 daAuts
    D:10: 12 daAuts
